 Dungeon Crawl Stone Soup version 0.18-a0-987-g0b0e4e7 (webtiles) character file.

23 Jmtri7 the Ducker (level 2, -1/22 HPs)
             Began as a Merfolk Transmuter on Jan 3, 2016.
             Slain by a kobold
             ... wielding a +0 dagger
              (4 damage)
             ... on level 1 of the Dungeon.
             The game lasted 00:04:23 (875 turns).

Jmtri7 the Ducker (Merfolk Transmuter)               Turns: 875, Time: 00:04:23

Health: -1/22      AC:  2    Str: 10    XL:     2   Next: 95%
Magic:  5/5        EV: 13    Int: 12    God:
Gold:   39         SH:  0    Dex: 14    Spells: 1 memorised, 4 levels left

rFire  . . .     SeeInvis .     f - +0 spear
rCold  . . .     Gourm    .     b - +0 robe
rNeg   . . .     Faith    .     (no shield)
rPois  .         Spirit   .     (no helmet)
rElec  .         Dismiss  .     (no cloak)
rCorr  .         Reflect  .     (no gloves)
SustAt .         Harm     .     (no boots)
MR     +....                    (no amulet)
Stlth  +.........               (no ring)
                                k - ring of protection from magic

@: somewhat resistant to hostile enchantments, very unstealthy
A: change form in water, swift swim
a: no special abilities


You were on level 1 of the Dungeon.
You were not hungry.

You visited 1 branch of the dungeon, and saw 2 of its levels.

You collected 39 gold pieces.

Inventory:

Hand Weapons
 f - a +0 spear (weapon)
Missiles
 a - 12 arrows
Armour
 b - a +0 robe (worn)
 h - a +0 scale mail
Jewellery
 k - a ring of protection from magic (left hand)
Scrolls
 e - a scroll of remove curse {unknown}
 g - 2 scrolls of identify {unknown}
Potions
 i - a potion of resistance {unknown}
 j - a potion of agility {unknown}
Books
 c - a book of Changes

   Spells                             Type                      Level
   a - Beastly Appendage              Transmutation                1
   b - Sticks to Snakes               Transmutation                2
   c - Spider Form                    Transmutation/Poison         3
   d - Ice Form                       Ice/Transmutation            4
   e - Blade Hands                    Transmutation                5
Comestibles
 d - a bread ration


   Skills:
 + Level 1.9 Fighting
 + Level 1.3 Polearms
 + Level 3.6 Dodging
 - Level 3.2 Unarmed Combat
 - Level 2.0 Spellcasting
 - Level 2.6 Transmutations


You had 4 spell levels left.
You knew the following spells:

 Your Spells              Type           Power        Failure   Level  Hunger
a - Beastly Appendage     Trmt           #.....       12%         1    ##.....


Dungeon Overview and Level Annotations

Branches:
Dungeon (2/15)

Altars:

Annotations:
D:2 Sigmund


Message History

You see here a club.
Found 7 gold pieces.
You open the door.
You start removing your armour.
You continue taking off your +0 scale mail. x4
You finish taking off your +0 scale mail.
You start putting on your armour.
You continue putting on your +0 robe.
You continue putting on your +0 robe. x4
You finish putting on your +0 robe.
A kobold comes into view. It is wielding a dagger.
The kobold shouts!
The kobold misses you.
You closely miss the kobold. The kobold barely misses you.
You completely miss the kobold. The kobold hits you with a dagger.
You hit the kobold but do no damage. The kobold hits you with a dagger.
* * * LOW HITPOINT WARNING * * *
You hit the kobold.
The kobold is moderately wounded.
The kobold hits you with a dagger.
You die...

.........'#...(.## ####. ......
.#######.........# ...#.###..#..
..$..........)#####..........#..
.##.................'# #.........
.)...........###########...)...#.
....##...............#.........#.
....##...#####.#####.#.....###.#.
....##...#####.###.#.#.....###.#.
................@K...........#.#.
.....................#.#.#...#.#.
..........####.#.#.###.....###.#.
....# ########.#...........# #.#.
.##.. .....(...#.#.##.##.### #.#.
..###########.......#.##.# #...
.##.... ..###.#....##.# ####
....### ###.......#.#.##.#
......# #.##....###.#.##.#


You could see a kobold.

Vanquished Creatures
  A giant gecko (D:1)
  6 bats
  A giant cockroach (D:1)
  3 goblins (D:1)
  A hobgoblin (D:1)
  2 kobolds (D:1)
  6 giant newts (D:1)
20 creatures vanquished.

Notes
Turn   | Place    | Note
--------------------------------------------------------------
     0 | D:1      | Jmtri7 the Merfolk Transmuter began the quest for the Orb.
     0 | D:1      | Reached XP level 1. HP: 15/15 MP: 3/3
   139 | D:1      | Reached XP level 2. HP: 16/21 MP: 5/5
   558 | D:1      | Reached skill level 1 in Polearms
   699 | D:2      | Noticed Sigmund
   875 | D:1      | Slain by a kobold

Vault maps used:
D:1:      dpeg_arrival_connections, serial_co_window_serial, co_window_paths_b,
          co_window_corner_a, co_window_paths_a, co_window_paths_a,
          co_window_paths_a, co_window_paths_a, co_window_paths_a,
          co_window_paths_b, co_window_cross_1, co_window_corner_ca,
          co_window_corner_ca, co_window_corner_b, co_window_paths_c,
          glass_columns_b, minmay_lizard_king
D:2:      overflow_temple_1_default, uniq_sigmund

Action                   || total
-------------------------++-------
Melee: Unarmed           ||     9
       Spear             ||    78
